 Dungeon Crawl Stone Soup version 0.31-a0-819-gf6de2f5ab6 (webtiles) character file.

Game seed: 191487599939478138

567 Kurtz the Chopper (level 7, -10/44 (48) HPs)
             Began as an Octopode Fighter on Sept 25, 2023.
             Was a Follower of Okawaru.
             Mangled by a wight
             ... wielding a +3 great sword
              (15 damage)
             ... on level 6 of the Dungeon.
             The game lasted 00:03:35 (4616 turns).

Kurtz the Chopper (Octopode Fighter)                Turns: 4616, Time: 00:03:35

HP:   -10/44 (48)   AC:  1    Str: 15    XL:     7   Next: 33%
MP:   8/8           EV: 17    Int: 10    God:    Okawaru [*.....]
Gold: 270           SH: 14    Dex: 14    Spells: 6/6 levels left

rFire   . . .        y - +4 hand axe
rCold   . . .        p - +0 kite shield
rNeg    . . .        (helmet restricted)
rPois   .            o - amulet of reflection
rElec   .            m - +5 ring of evasion
rCorr   .            (no ring)
SInv    .            (no ring)
Will    .....        (no ring)
Stlth   ++           (no ring)
HPRegen 0.27/turn    (no ring)
MPRegen 0.11/turn    (no ring)
                     (no ring)

%: reflection
@: drained
A: almost no armour, amphibious, 8 rings, camouflage 1, gelatinous body 1,
(nimble swimmer 1), tentacles
a: Renounce Religion, Heroism


You were on level 6 of the Dungeon.
You worshipped Okawaru.
Okawaru was aware of your devotion.
You visited 1 branch of the dungeon, and saw 6 of its levels.

You collected 270 gold pieces.

Inventory:

Hand Weapons
 a - a +0 war axe
 y - a +4 hand axe (weapon)
Missiles
 f - 6 javelins (quivered)
Armour
 b - a +0 buckler
 p - a +0 kite shield (worn)
Jewellery
 m - a +5 ring of evasion (left tentacle)
 o - an amulet of reflection (around mantle)
 B - a ring of positive energy
Scrolls
 h - 3 scrolls of teleportation {unknown}
 i - 5 scrolls of identify {unknown}
 j - a scroll of torment {unknown}
 k - a scroll of immolation {unknown}
 l - a scroll of fog {unknown}
 q - a scroll of vulnerability {unknown}
 r - a scroll of enchant armour {unknown}
 s - a scroll of fear {unknown}
 t - a scroll of amnesia {unknown}
 u - a scroll of blinking {unknown}
 x - a scroll of summoning {unknown}
Potions
 c - a potion of might
 d - 6 potions of curing {unknown}
 e - 2 potions of lignification {unknown}
 g - 2 potions of heal wounds {unknown}
 n - a potion of ambrosia {unknown}
 v - a potion of brilliance {unknown}
 w - a potion of invisibility {unknown}
 z - a potion of mutation {unknown}
 A - a potion of cancellation {unknown}


   Skills:
 + Level 4.2 Fighting
 * Level 6.3 Axes
 - Level 3.0 Dodging
 * Level 4.1 Shields
 * Level 1.8 Invocations


You had 6 spell levels left.
You didn't know any spells.
Your spell library contained the following spells:

 Spells                   Type           Power      Damage    Failure   Level
 Freeze                   Ice            0%         1d3       75%         1
 Magic Dart               Conj           0%         1d3       75%         1
 Sting                    Tmut/Pois      0%         1d3       75%         1
 Poisonous Vapours        Pois/Air       0%         N/A       86%         2
 Searing Ray              Conj           0%         2d4       86%         2
 Frozen Ramparts          Ice            0%         1d1       98%         3
 Hailstorm                Conj/Ice       0%         3d3       98%         3
 Fulminant Prism          Conj/Hex       0%         3d5       100%        4
 Olgreb's Toxic Radiance  Pois           0%         N/A       100%        4
 Passage of Golubria      Tloc           0%         N/A       100%        4
 Yara's Violent Unravell  Hex/Tmut       0%         3d3       100%        5
 Tukima's Dance           Hex            Unusable   N/A       N/A         3

Dungeon Overview and Level Annotations

Branches:
Dungeon (6/15)
 Temple: D:4-7

Altars:
Hepliaklqana
Kikubaaqudgha
Nemelex Xobeh
Okawaru
Xom
The Shining One


Innate Abilities, Weirdness & Mutations

You cannot wear most types of armour.
You are amphibious.
You can wear up to eight rings at the same time.
Your skin changes colour to match your surroundings (Stealth+).
Your rubbery body absorbs attacks. (AC +1, EV +1)
((You are camouflaged when in or above water. (Stealth+)))
You have tentacles for arms and can constrict up to eight enemies at once.


Message History

The wight is moderately damaged.
You constrict the wight, but do no damage.
The wight hits you with a +0 scimitar.
You feel drained.
You hit the wight but do no damage.
The wight is moderately damaged.
You barely miss the wight. You constrict the wight.
You block the wight's attack. x2
Unknown command.
You hit the wight. You squeeze the wight!
You destroy the wight!
Okawaru accepts your kill.
You closely miss the wight. The wight barely misses you.
Your life force feels restored.
You closely miss the wight. Your grab misses the wight.
You closely miss the wight.
The wight hits you with a +3 great sword!
You feel drained.
The wight hits you with a +1 falchion of freezing.
The wight freezes you.
Unknown command.
You hit the wight but do no damage. Your grab misses the wight.
You slash the wight! You block the wight's attack. The wight barely misses you.
Unknown command.
You closely miss the wight. You grab the wight.
You squeeze the wight, but do no damage.
The wight is heavily damaged.
You hit the wight.
You constrict the wight, but do no damage.
The wight hits you with a +3 great sword!
You feel drained.
The wight hits you with a +1 falchion of freezing!
* * * LOW HITPOINT WARNING * * *
The wight freezes you.
* * * LOW HITPOINT WARNING * * *
You are too injured to fight recklessly!
Unknown command.
You are too injured to fight recklessly!
You release your grip on the wight.
The wight attacks as it pursues you!
The wight hits you with a +3 great sword!
You die...

##.............## .
#...###........#..
#....##...#.#.#...
#.#.##....#.#.....
####.###.#......#
#.##.. ####.....#
......##........#
...(...#..##.....#
.......#@.#........
......zz..§.§.....#
.....≈≈≈≈≈§§≈≈....#
.....≈...§..§≈.....
.....≈.#####§≈.....
.....≈.#.....≈..
....§§§#._.#....
...§§≈§....#.≈..
....§§§#####.§.


You could see 2 wights.

Vanquished Creatures
  An ogre (D:5)
  A wight (D:6)
  A jelly (D:4)
  An orc priest (D:4)
  5 iguanas
  An orc wizard (D:5)
  4 gnolls (D:5)
  6 adders
  An ufetubus (D:4)
  4 worms
  4 dart slugs
  13 orcs
  3 bats
  6 endoplasms
  7 giant cockroaches
  4 goblins
  7 hobgoblins
  6 kobolds
  6 quokkas
  6 ball pythons
  A frilled lizard (D:1)
  4 rats
92 creatures vanquished.

Notes
Turn   | Place    | Note
-------+----------+-------------------------------------------
     0 | D:1      | Kurtz the Octopode Fighter began the quest for the Orb.
     0 | D:1      | Reached XP level 1. HP: 16/16 MP: 1/1
    52 | D:1      | Reached XP level 2. HP: 21/21 MP: 2/2
  1087 | D:1      | Reached XP level 3. HP: 24/26 MP: 3/3
  1466 | D:2      | Reached skill level 3 in Axes
  1823 | D:2      | Reached XP level 4. HP: 33/33 MP: 4/4
  2308 | D:3      | Reached skill level 4 in Axes
  2490 | D:3      | Found a faded altar of an unknown god.
  2859 | D:4      | Found an iron altar of Okawaru.
  2867 | D:4      | Became a worshipper of Warmaster Okawaru
  2909 | D:4      | Found a bloodstained altar of Trog.
  2911 | D:4      | Found a hazy altar of Hepliaklqana.
  2911 | D:4      | Found a shimmering altar of Xom.
  2913 | D:4      | Found a shimmering altar of Xom.
  2913 | D:4      | Found a sparkling altar of Nemelex Xobeh.
  2913 | D:4      | Found an ancient bone altar of Kikubaaqudgha.
  3031 | D:4      | Reached XP level 5. HP: 37/37 MP: 5/5
  3347 | D:4      | Reached skill level 5 in Axes
  3470 | D:4      | Reached XP level 6. HP: 43/43 MP: 6/6
  3501 | D:5      | Entered Level 5 of the Dungeon
  3555 | D:5      | Reached * piety under Okawaru
  3556 | D:5      | Reached skill level 1 in Invocations
  3939 | D:5      | Reached skill level 6 in Axes
  3939 | D:5      | Reached XP level 7. HP: 37/48 MP: 6/8
  4607 | D:6      | Found a glowing golden altar of the Shining One.
  4616 | D:6      | Mangled by a wight

Illustrated notes

Levels and vault maps discovered:
D:1:      dpeg_arrival_boxorama, layout_basic, minivault_4,
          dreamdust_mushroom_princess, serial_park_tiny_2
D:2:      layout_loops_ring, minmay_ruptured
D:3:      layout_basic, chequers_ecumenical_altar_grove, serial_glass,
          glass_columns_c, glass_columns_b, kennysheep_generic_room_11
D:4:      layout_basic, doesnt_xom_only_xom, lemuel_round_altar
D:5:      layout_loops_corners
D:6:      layout_cave_pools, tgw_fedhas, zin_treasury,
          mainiacjoe_overflow_brackets, minmay_temple_entry_gardened_gates,
          gammafunk_ghost_grave

Skill      XL: |  1  2  3  4  5  6  7 |
---------------+----------------------+-----
Axes           | 3 4 5 6 |  6.3
Fighting       | 4 |  4.2
Invocations    | 1 |  1.8
Shields        | 4 |  4.1
Dodging        | |  3.0

Action                     |  1- 3 |  4- 6 |  7- 9 || total
---------------------------+-------+-------+-------++-------
  Melee: War axe           |    52 |    52 |       ||   104
         Constrict         |    13 |    29 |     7 ||    49
         Tentacles         |     8 |    13 |     7 ||    28
         Punch             |       |     3 |       ||     3
         Hand axe          |       |    53 |    20 ||    73
  Throw: Javelin           |       |     9 |       ||     9
   Stab: Sleeping          |     3 |     7 |     1 ||    11
 Armour: Skin              |    27 |    17 |     7 ||    51
  Dodge: Dodged            |    40 |    38 |     5 ||    83
  Block: Buckler           |    10 |       |       ||    10
         Kite shield       |     2 |    55 |     9 ||    66
         Reflection        |       |     1 |       ||     1

Table legend: (Time is in decaauts)
 A = Elapsed time spent in this place.
 B = Non-inter-level travel time spent in this place.
 C = Inter-level travel time spent in this place.
 D = Time resting spent in this place.
 E = Time spent auto-exploring this place.
 F = Levels seen in this place.
 G = Mean time per level.
                   A        B        C        D        E       F      G
               +--------+--------+--------+--------+--------+-----+--------+
         Total |   4683 |   4424 |    259 |    433 |   3345 |   6 |  780.5 |
       Dungeon |   4683 |   4424 |    259 |    433 |   3345 |   6 |  780.5 |
               +--------+--------+--------+--------+--------+-----+--------+

Top non-repeatable levels by time:
     D:1: 1274 daAuts
     D:5: 1058 daAuts
     D:2: 865 daAuts
     D:3: 730 daAuts
     D:4: 683 daAuts
     D:6: 69 daAuts
